AoeStats
← tonytctang

Highland

505176963Analyzed
4v4 RM · 24d ago on Sep 8, 2026· 103m 20s· 8 players
Game mode
Random Map
Map size
Large (8 player)
Population
200
Speed
Normal
Resources
Standard
Victory
Conquest
Starting age
Dark Age
Ending age
Imperial Age
RankedLock teamsTeams togetherTeam positionsShared explorationLock speedFull tech treeHidden civsTurbo modeCheats
Victory
Defeat
🇺🇸 Khitans · United States
1215
+12
🇨🇴 Mongols · Colombia
1175
+13
🇦🇷 Slavs · Argentina
1164
+14
🇨🇳 Bengalis · China
1145
+15
🇨🇳 Japanese · China
1131
-14
🇨🇳 Burmese · China
1131
-14
🇭🇰 Berbers · Hong Kong SAR China
1109
-13
🇭🇰 Saracens · Hong Kong SAR China
1099
-13
RaffaEP
0:28 Loom
0:32 Loom
13:38 Feudal Age
20:20 Castle Age
19:22 Domestication
19:32 Double-Bit Axe
19:43 Gold Mining
20:43 Stone Mining
21:35 Medium Warships
21:55 Bow Saw
23:38 Wheelbarrow
30:29 Fletching
34:17 Treadmill Crane
34:53 Pastoralism
36:40 Hand Cart
40:12 Imperial Age
37:47 Husbandry
37:08 Light Cavalry
38:00 Arson
38:16 Squires
38:01 Gambesons
39:01 Scale Mail Armor
39:05 Pikeman
40:14 Chain Mail Armor
40:09 Forging
41:18 Conscription
41:23 Scale Barding Armor
41:54 Iron Casting
41:29 Bodkin Arrow
44:02 Lamellar Armor
44:37 Ordo Cavalry
45:59 Chain Barding Armor
46:09 Plate Mail Armor
45:41 Padded Archer Armor
46:31 Fishing Lines
47:20 Heavy Warships
47:07 Siege Engineers
47:12 Caravan
47:27 Elite Steppe Lancer
51:32 Chemistry
50:42 Fortified Wall
50:01 Elite Liao Dao
50:53 Elite Fire Lancer
52:28 Ballistics
52:20 Masonry
52:06 Murder Holes
61:27 Transhumance
62:00 Two-Man Saw
61:38 Stone Shaft Mining
62:26 Hussar
65:41 Plate Barding Armor
65:06 Bracer
65:22 Leather Archer Armor
67:53 Ring Archer Armor
89:41 Elite Skirmisher
90:48 Parthian Tactics
98:17 Fervor
101:55 Thumb Ring
santiagogp2093
10:54 Feudal Age
14:55 Castle Age
16:04 Fletching
17:45 Wheelbarrow
16:55 Loom
20:34 Double-Bit Axe
21:19 Horse Collar
24:59 Bodkin Arrow
26:25 Heavy Plow
28:39 Hand Cart
32:51 Imperial Age
30:49 Bow Saw
31:11 Padded Archer Armor
31:20 Husbandry
31:31 Bloodlines
32:03 Ballistics
33:33 Leather Archer Armor
34:28 Parthian Tactics
34:09 Thumb Ring
35:07 Chemistry
34:36 Bracer
43:53 Elite Mangudai
44:55 Conscription
45:56 Light Cavalry
47:09 Forging
46:59 Scale Mail Armor
47:06 Scale Barding Armor
49:07 Drill
49:42 Siege Engineers
49:20 Heavy Scorpion
55:30 Capped Ram
62:41 Iron Casting
62:06 Scale Mail Armor
62:27 Chain Barding Armor
62:24 Hussar
73:54 Siege Ram
82:23 Caravan
83:28 Town Watch
ZBizkit
8:27 Loom
11:47 Feudal Age
16:44 Castle Age
15:44 Double-Bit Axe
15:41 Horse Collar
18:08 Bow Saw
18:58 Heavy Plow
22:35 Town Watch
23:44 Fletching
25:22 Wheelbarrow
26:34 Wheelbarrow
31:45 Imperial Age
30:02 Hand Cart
30:00 Detinets
30:05 Bodkin Arrow
30:21 Pikeman
31:01 Squires
31:15 Scale Barding Armor
31:21 Forging
31:17 Gold Mining
32:24 Bloodlines
32:16 Husbandry
35:12 Chain Barding Armor
35:28 Iron Casting
35:43 Scale Mail Armor
36:43 Conscription
37:36 Light Cavalry
39:20 Plate Barding Armor
39:16 Chain Mail Armor
40:02 Blast Furnace
39:56 Hoardings
39:48 Halberdier
45:09 Elite Boyar
47:35 Plate Mail Armor
47:58 Crop Rotation
48:31 Two-Man Saw
48:09 Gold Shaft Mining
48:30 Caravan
50:51 Hussar
52:42 Capped Ram
55:10 Druzhina
60:32 Masonry
64:56 Chemistry
69:08 Ballistics
73:37 Siege Ram
79:24 Cavalier
83:06 Onager
84:32 Siege Engineers
85:23 Siege Onager
100:35 Murder Holes
DwarfNing
12:04 Feudal Age
15:52 Castle Age
13:48 Double-Bit Axe
14:33 Horse Collar
18:03 Wheelbarrow
17:47 Bow Saw
18:08 Loom
22:39 Stone Mining
23:20 Heavy Plow
24:53 Hand Cart
25:23 Gold Mining
27:05 Gold Shaft Mining
28:58 Fletching
28:53 Treadmill Crane
29:22 Murder Holes
34:08 Imperial Age
43:38 Town Watch
45:42 Heavy Scorpion
57:59 Ballistics
59:21 Chemistry
59:39 Siege Engineers
59:36 Siege Elephant
kit7292001
2:42 Loom
12:18 Feudal Age
13:01 Double-Bit Axe
13:01 Horse Collar
20:28 Castle Age
23:48 Fletching
31:37 Imperial Age
30:10 Gold Mining
31:47 Bodkin Arrow
40:26 Bracer
40:32 Scale Barding Armor
40:38 Forging
42:01 Wheelbarrow
41:44 Padded Archer Armor
41:56 Elite Camel Archer
42:27 Elite Skirmisher
44:13 Chain Barding Armor
45:45 Plate Barding Armor
47:08 Leather Archer Armor
46:53 Scale Mail Armor
47:29 Iron Casting
47:58 Bloodlines
47:49 Husbandry
48:14 Kasbah
48:37 Conscription
47:43 Heavy Camel Rider
47:51 Light Cavalry
50:06 Hussar
58:47 Caravan
59:12 Ballistics
59:52 Chemistry
62:11 Blast Furnace
61:41 Ring Archer Armor
61:27 Chain Mail Armor
62:23 Bow Saw
66:39 Heavy Plow
71:51 Plate Mail Armor
88:17 Masonry
87:49 Treadmill Crane
bluestorm
11:23 Feudal Age
15:23 Castle Age
13:28 Fishing Lines
14:00 Double-Bit Axe
14:40 Horse Collar
15:17 Stone Mining
15:27 Gold Mining
16:55 Wheelbarrow
18:17 Bow Saw
18:33 Loom
18:48 Gillnets
20:44 Town Watch
21:03 Heavy Plow
22:02 Medium Warships
25:33 Scale Mail Armor
26:55 Hand Cart
27:17 Chain Mail Armor
28:12 Forging
32:24 Imperial Age
30:20 Man-at-Arms
30:45 Gambesons
31:00 Squires
30:46 Arson
32:37 Iron Casting
33:27 Conscription
35:49 Fletching
36:00 Padded Archer Armor
37:03 Blast Furnace
38:43 Two-Man Saw
38:16 Plate Mail Armor
38:46 Bodkin Arrow
39:07 Leather Archer Armor
38:47 Elite Samurai
39:39 Thumb Ring
39:03 Elite Skirmisher
42:34 Chemistry
41:54 Ballistics
41:15 Treadmill Crane
41:13 Capped Ram
41:58 Bracer
42:28 Ring Archer Armor
42:04 Yasama
41:38 Long Swordsman
44:14 Scale Barding Armor
45:08 Caravan
44:59 Two-Handed Swordsman
45:13 Pikeman
46:00 Halberdier
47:47 Siege Engineers
47:38 Murder Holes
47:34 Guard Tower
47:30 Arrowslits
47:55 Masonry
50:13 Keep
56:35 Onager
58:01 Bloodlines
57:52 Husbandry
57:12 Light Cavalry
58:07 Champion
64:11 Chain Barding Armor
88:15 Coinage
89:26 Parthian Tactics
88:22 Heavy Cavalry Archer
NickJiang
3:36 Loom
11:08 Feudal Age
17:55 Castle Age
21:54 Demolition Ship
23:58 Medium Warships
26:05 Wheelbarrow
27:10 Gold Mining
31:57 Imperial Age
29:45 Hand Cart
30:26 Padded Archer Armor
30:11 Horse Collar
30:27 Stone Mining
34:17 Elite Arambai
35:18 Conscription
38:08 Fletching
38:03 Elite Genitour
38:57 Elite Skirmisher
43:14 Parthian Tactics
43:12 Bodkin Arrow
43:41 Ballistics
44:22 Chemistry
45:15 Bracer
59:05 Caravan
62:20 Town Watch
62:47 Bloodlines
62:38 Husbandry
63:30 Heavy Plow
64:10 Scale Barding Armor
65:39 Chain Barding Armor
65:20 Scale Mail Armor
65:43 Light Cavalry
67:29 Plate Barding Armor
67:06 Forging
66:54 Hussar
72:03 Pikeman
72:44 Squires
75:18 Parthian Tactics
75:55 Heavy Cavalry Archer
80:29 Halberdier
90:05 Siege Engineers
tonytctang
3:23 Loom
10:53 Feudal Age
11:54 Double-Bit Axe
12:10 Horse Collar
17:05 Wheelbarrow
16:24 Stone Mining
16:57 Gold Mining
19:59 Castle Age
20:42 Heavy Plow
20:54 Bow Saw
21:33 Gold Shaft Mining
23:31 Hand Cart
23:01 Town Watch
30:45 Imperial Age
32:29 Chemistry
31:39 Masonry
31:40 Fortified Wall
31:53 Conscription
33:18 Two-Man Saw
34:22 Forging
34:18 Scale Barding Armor
34:39 Bloodlines
34:30 Husbandry
35:09 Heavy Camel Rider
38:45 Iron Casting
38:31 Chain Barding Armor
38:27 Elite Mameluke
40:32 Blast Furnace
42:11 Plate Barding Armor
45:32 Light Cavalry
48:44 Thumb Ring
49:19 Caravan
50:05 Caravan
50:36 Coinage
50:30 Crossbowman
52:42 Town Patrol
53:18 Banking
54:41 Padded Archer Armor
54:31 Fletching
54:41 Scale Mail Armor
54:57 Hussar
55:58 Bodkin Arrow
56:19 Leather Archer Armor
57:06 Bracer
57:37 Ring Archer Armor
57:22 Chain Mail Armor
58:09 Arbalester
60:09 Plate Mail Armor
61:41 Squires
61:26 Gambesons
61:01 Man-at-Arms
61:02 Pikeman
61:27 Arson
Connection lost

Rejoining the realm…

Still unreachable

The connection could not be restored.

Session expired

The server has moved on; the page needs a fresh start.